 Dungeon Crawl Stone Soup version 0.22.1-2-g9c5b331 (webtiles) character file.

50 EliteSlayer the Skirmisher (level 3, -2/29 HPs)
             Began as a Demonspawn Monk on Dec 21, 2018.
             Slain by a gnoll (3 damage)
             ... on level 3 of the Dungeon.
             The game lasted 00:11:43 (2439 turns).

EliteSlayer the Skirmisher (Demonspawn Monk)        Turns: 2439, Time: 00:11:43

Health: -2/29      AC:  6    Str: 12    XL:     3   Next: 55%
Magic:  3/3        EV: 12    Int: 14    God:
Gold:   132        SH:  0    Dex: 15    Spells: 2/2 levels left

rFire    . . .     SeeInvis .   l - -3 whip (curse)
rCold    . . .     Gourm    .   (no shield)
rNeg     . . .     Faith    .   f - +0 ring mail
rPois    .         Spirit   .   r - +0 helmet {Int+3}
rElec    .         Reflect  .   q - scarf {repulsion}
rCorr    .         Harm     .   (no gloves)
MR       .....                  (no boots)
Stlth    +.........             (no amulet)
HPRegen  0.09/turn              (no ring)
MPRegen  0.08/turn              (no ring)

@: repel missiles
A: foul stench 1, rot immunity
a: no special abilities


You were on level 3 of the Dungeon.
You were very hungry.

You visited 1 branch of the dungeon, and saw 4 of its levels.

You collected 132 gold pieces.

Inventory:

Hand Weapons
 a - a +0 hand axe
 e - a +0 dagger of speed
 l - a cursed -3 whip (weapon)
Armour
 b - a +0 robe
 f - a +0 ring mail (worn)
 g - a +0 chain mail
 n - a +0 ring mail
 q - a scarf of repulsion (worn)
 r - a +0 helmet of intelligence (worn)
Scrolls
 i - a scroll of teleportation
Potions
 d - a potion of magic
 j - a potion of ambrosia {unknown}
 k - a potion of heal wounds {unknown}
 m - a potion of lignification {unknown}
 o - 4 potions of curing {unknown}
 p - a potion of brilliance {unknown}
 s - a potion of mutation {unknown}
Comestibles
 c - 4 rations


   Skills:
 + Level 3.2 Fighting
 + Level 3.0(3.1) Axes
 + Level 1.0(2.2) Maces & Flails
 * Level 1.3 Armour
 + Level 3.0 Dodging
 - Level 1.7 Stealth


You had 2 spell levels left.
You didn't know any spells.
Your spell library was empty.

Dungeon Overview and Level Annotations

Branches:
Dungeon (4/15)
 Temple: D:4-7

Altars:
Vehumet

Annotations:
D:3 Sigmund


Innate Abilities, Weirdness & Mutations

You may emit foul miasma when damaged in melee.
You are immune to rotting.


Message History

The rat closely misses you. The giant cockroach bites you.
* * * LOW HITPOINT WARNING * * *
The gnoll hits you.
* * * LOW HITPOINT WARNING * * *
The gnoll looks sick.
You hit the gnoll.
The gnoll is heavily wounded.
The giant cockroach bites you.
* * * LOW HITPOINT WARNING * * *
The rat bites you but does no damage. The gnoll hits you.
* * * LOW HITPOINT WARNING * * *
You hit the gnoll.
The gnoll is heavily wounded.
The giant cockroach bites you but does no damage.
The rat bites you but does no damage. The gnoll hits you but does no damage.
You hit the gnoll but do no damage.
The gnoll is heavily wounded.
The giant cockroach bites you but does no damage.
The rat misses you. The gnoll hits you.
You die...

#.############
#...rr@g......
######s#######
#.# #.# #.#
#.# #.. ###


You could see a gnoll, a giant cockroach and 2 rats.

Vanquished Creatures
  An ooze (D:4)
  A worm (D:3)
  A leopard gecko (D:3)
  An orc (D:4)
  11 giant cockroaches (D:2)
  3 hobgoblins
  2 jackals (D:4)
  A ball python (D:1)
  5 frilled lizards
  3 goblins
  4 kobolds
  5 rats
38 creatures vanquished.

Notes
Turn   | Place    | Note
-------+----------+-------------------------------------------
     0 | D:1      | EliteSlayer the Demonspawn Monk began the quest for the
                  | Orb.
     0 | D:1      | Reached XP level 1. HP: 18/18 MP: 1/1
   322 | D:1      | Gained mutation: You are immune to rotting. [demonic
                  | ancestry]
   322 | D:1      | Reached XP level 2. HP: 22/24 MP: 2/2
   783 | D:2      | Found a radiant altar of Vehumet.
   948 | D:2      | Reached skill level 1 in Armour
  1282 | D:2      | Gained mutation: You may emit foul miasma when damaged in
                  | melee. [demonic ancestry]
  1282 | D:2      | Reached XP level 3. HP: 28/29 MP: 3/3
  1862 | D:3      | Noticed Sigmund
  1889 | D:4      | Reached skill level 1 in Maces & Flails
  2437 | D:3      | HP: 1/29 [gnoll (1)]
  2439 | D:3      | Slain by a gnoll

Skill      XL: |  1  2  3 |
---------------+----------+-----
Axes           | 3 |  3.0
Armour         | 1 |  1.3
Dodging        | 3 |  3.0
Maces & Flails | 1 |  1.0
Fighting       | |  3.2
Stealth        | |  1.7

Action                   || total
-------------------------++-------
Melee: Hand axe          ||    30
       Whip              ||   331
  Use: Scroll            ||     6
       Potion            ||     2
 Stab: Sleeping          ||     1
  Eat: Ration            ||     1
       Chunk             ||     1
Armor: Ring mail         ||   167
       Robe              ||     1
Dodge: Dodged            ||   301
